 Dungeon Crawl Stone Soup version 0.17.1-1-g73c8601 (webtiles) character file.

3163 Iskender the Carver (level 9, -5/59 HPs)
             Began as a Demonspawn Necromancer on Dec 31, 2015.
             Was an Elder of Kikubaaqudgha.
             Slain by an orc warrior
             ... wielding a +3 glaive
              (11 damage)
             ... in a bailey on Jan 1, 2016.
             The game lasted 01:10:03 (7681 turns).

Iskender the Carver (Demonspawn Necromancer)        Turns: 7681, Time: 01:10:03

Health: -5/59      AC: 10    Str: 13    XL:     9   Next: 63%
Magic:  12/12      EV: 11    Int: 21    God:    Kikubaaqudgha [****..]
Gold:   440        SH:  0    Dex: 17    Spells: 4 memorised, 4 levels left

rFire  . . .     SeeInvis .     a - +2 long sword (pain)
rCold  . . .     Clarity  .     d - +0 ring mail
rNeg   . . .     SustAt   +     (no shield)
rPois  .         Gourm    .     L - +0 helmet (curse)
rElec  .         Spirit   .     p - +1 cloak
rCorr  .         Warding  .     (no gloves)
rMut   .         Stasis   .     (no boots)
MR     .....                    s - amulet of faith
Stlth  +.........               C - ring of sustain attributes
                                t - +4 ring of intelligence

@: mighty, about to teleport, not resistant to hostile enchantments, very
unstealthy
A: talons 2, rugged brown scales 2, powered by pain 2
a: Receive Corpses, Renounce Religion


You were in a bailey.
You worshipped Kikubaaqudgha.
Kikubaaqudgha was greatly pleased with you.
You were hungry.

You visited 2 branches of the dungeon, and saw 9 of its levels.
You also visited: Bailey.

You collected 440 gold pieces.

Inventory:

Hand Weapons
 a - a +2 long sword of pain (weapon)
 b - a +0 whip of electrocution
 e - a +0 short sword
 A - a +2 whip of flaming
Missiles
 j - 150 stones (quivered)
 l - 5 curare-tipped needles
 x - 8 tomahawks
 K - 4 poisoned tomahawks
Armour
 d - a +0 ring mail (worn)
 i - a +0 robe
 p - a +1 cloak (worn)
 D - a +2 large shield
 L - a cursed +0 helmet (worn)
Jewellery
 s - an amulet of faith (around neck)
 t - a +4 ring of intelligence (left hand)
 v - an uncursed amulet of guardian spirit {unknown}
 C - a ring of sustain attributes (right hand)
Wands
 J - a wand of slowing (35)
Scrolls
 g - 3 scrolls of remove curse
 h - 2 scrolls of enchant armour
 k - 2 scrolls of teleportation
 m - a scroll of enchant weapon
 o - a scroll of identify
 w - 2 scrolls of magic mapping {unknown}
 y - a scroll of fear
 E - a scroll of immolation
 F - a scroll of acquirement {unknown}
Potions
 n - a potion of mutation {unknown}
 q - 2 potions of flight {unknown}
 H - 2 potions of cancellation {unknown}
Books
 u - Kikubaaqudgha's Reference Book on Sinister Magic
   (Kikubaaqudgha gifted it to you on level 3 of the Dungeon)

   Spells                             Type                      Level
   a - Pain                           Necromancy                   1
   b - Corpse Rot                     Necromancy                   2
   c - Sublimation of Blood           Necromancy                   2
   d - Vampiric Draining              Necromancy                   3
   e - Control Undead                 Necromancy                   4
 B - a book of Necromancy

   Spells                             Type                      Level
   a - Pain                           Necromancy                   1
   b - Animate Skeleton               Necromancy                   1
   c - Vampiric Draining              Necromancy                   3
   d - Regeneration                   Charms/Necromancy            3
   e - Animate Dead                   Necromancy                   4
   f - Control Undead                 Necromancy                   4
 G - Kikubaaqudgha's Handbook of Black Magic
   (Kikubaaqudgha gifted it to you on level 6 of the Dungeon)

   Spells                             Type                      Level
   a - Excruciating Wounds            Charms/Necromancy            5
   b - Agony                          Necromancy                   5
   c - Cigotuvi's Embrace             Necromancy                   5
   d - Dispel Undead                  Necromancy                   5
   e - Simulacrum                     Ice/Necromancy               6
Comestibles
 c - 8 bread rations
 f - 3 meat rations
 r - a beef jerky


   Skills:
 - Level 9.5 Long Blades
 - Level 6.6 Maces & Flails
 - Level 1.7 Dodging
 - Level 1.7 Stealth
 - Level 2.0 Spellcasting
 + Level 6.6 Necromancy


You had 4 spell levels left.
You knew the following spells:

 Your Spells              Type           Power        Failure   Level  Hunger
a - Pain                  Necr           ####         1%          1    #......
b - Vampiric Draining     Necr           ####......   8%          3    ###....
c - Regeneration          Chrm/Necr      ###.......   28%         3    ###....
n - Animate Skeleton      Necr           N/A          1%          1    #......


Dungeon Overview and Level Annotations

Branches:
Dungeon (8/15)             Temple (1/1) D:6
   Lair: D:8-11

Altars:
Ashenzari
Gozag
Kikubaaqudgha
Qazlal
Ru
Sif Muna
Trog

Shops:
D:4 *   D:7 }


Innate Abilities, Weirdness & Mutations

You have razor-sharp toenails.
You are mostly covered in rugged brown scales (AC +2, +5% HP).
You sometimes gain power by taking damage.


Message History

Read which item? (? for menu, Esc to quit)
Okay, then.
The orc warrior misses you.
You slash the orc warrior!
The orc warrior writhes in agony.
Your kick misses the orc warrior.
The orc warrior is heavily wounded.
The orc warrior hits you with an enchanted glaive!
* * * LOW HITPOINT WARNING * * *
You focus on the pain.
You feel your power returning.
Drink which item? (? for menu, Esc to quit)
You feel better. The orc warrior barely misses you.
The orc warrior barely misses you.
Read which item? (? for menu, Esc to quit)
As you read the scroll of teleportation, it crumbles to dust.
You feel strangely unstable.
The orc warrior hits you from afar with a halberd!
* * * LOW HITPOINT WARNING * * *
The orc warrior hits you from afar with an enchanted glaive!
You die...
Kikubaaqudgha rasps: "You have failed me!
Welcome... death!"

### #########∩## ######
##oo.@.##.∩(##.....##
#..≈≈≈..#(..#..≈≈≈..#
#.≈≈.≈≈.......≈≈.≈≈.#
#...'.≈.()≈..../..≈(()≈.+
#(..#.≈≈.≈≈.......≈≈)≈≈.#
#...#..≈≈≈..#...#..≈≈≈..#
#?. ##.....##...##.....##
##. #########∩## ###### #
###


You could see 2 orc warriors.

Vanquished Creatures
  Pikel (D:7)
  The ghost of Flanowski the Sneak, a novice VSAs (D:3)
  The ghost of Cherryjuice the Covert, a novice SpAs of Ashenzari (D:4)
  Eustachio (D:6)
  A phantom (D:5)
  A sky beast (D:6)
  6 orc warriors (Bailey)
  An ogre (D:5)
  2 giant frogs (D:7)
  3 scorpions
  3 wights (D:4)
  2 crimson imps
  3 hounds
  4 orc wizards (D:6)
  A giant frog zombie (D:6)
  2 jellies
  2 orc priests (D:6)
  A giant frog skeleton (D:4)
  Jessica (D:3)
  Natasha (thrice) (D:3)
  5 worker ants
  5 gnolls
  10 adders
  A shadow imp (D:7)
  3 oozes
  An adder zombie (D:6)
  An adder skeleton (D:7)
  6 worms
  6 giant geckos
  22 orcs
  2 ball pythons (D:3)
  6 bats
  8 hobgoblins
  9 kobolds
  2 quokkas
  4 giant cockroaches
  6 giant newts
  7 goblins
  8 jackals
  9 rats
161 creatures vanquished.

Vanquished Creatures (collateral kills)
  A hound skeleton (D:5)
  2 gnolls
  2 bats (D:1)
  2 jackals (D:3)
  A rat (D:1)
8 creatures vanquished.

Grand Total: 169 creatures vanquished

Notes
Turn   | Place    | Note
--------------------------------------------------------------
     0 | D:1      | Iskender the Demonspawn Necromancer began the quest for the Orb.
     0 | D:1      | Reached XP level 1. HP: 13/13 MP: 3/3
   402 | D:2      | Noticed a moth of wrath
   457 | D:2      | Gained mutation: You have sharp toenails. [demonic ancestry]
   457 | D:2      | Reached XP level 2. HP: 14/19 MP: 1/5
   467 | D:2      | Reached skill level 5 in Necromancy
   481 | D:2      | Learned a level 1 spell: Animate Skeleton
   843 | D:1      | Reached skill level 1 in Maces & Flails
   860 | D:1      | Reached XP level 3. HP: 18/24 MP: 2/6
   878 | D:1      | Learned a level 3 spell: Regeneration
  1168 | D:2      | Found an ancient bone altar of Kikubaaqudgha.
  1239 | D:2      | Found a bloodstained altar of Trog.
  1259 | D:2      | Gained mutation: You are partially covered in rugged brown scales (AC +1, +3% HP). [demonic ancestry]
  1259 | D:2      | Reached XP level 4. HP: 20/30 MP: 3/7
  1339 | D:2      | Became a worshipper of Kikubaaqudgha
  1420 | D:2      | Found a deep blue altar of Sif Muna.
  1618 | D:3      | Gained mutation: You are mostly covered in rugged brown scales (AC +2, +5% HP). [demonic ancestry]
  1618 | D:3      | Reached XP level 5. HP: 18/36 MP: 3/8
  1690 | D:3      | Noticed Natasha
  1734 | D:3      | Killed Natasha
  1750 | D:3      | Noticed Flanowski's ghost (novice VSAs)
  1751 | D:3      | Noticed Jessica
  1874 | D:3      | Reached * piety under Kikubaaqudgha
  1874 | D:3      | Received a gift from Kikubaaqudgha
  1884 | D:3      | Identified Kikubaaqudgha's Reference Book on Sinister Magic (Kikubaaqudgha gifted it to you on level 3 of the Dungeon)
  2125 | D:3      | Killed Flanowski's ghost
  2125 | D:3      | Reached skill level 5 in Maces & Flails
  2125 | D:3      | Gained mutation: You have razor-sharp toenails. [demonic ancestry]
  2125 | D:3      | Reached XP level 6. HP: 19/43 MP: 9/9
  2141 | D:3      | Killed Jessica
  2141 | D:3      | Reached skill level 6 in Maces & Flails
  2181 | D:3      | Noticed Natasha
  2188 | D:3      | Killed Natasha
  2277 | D:3      | Your ally Jessica died
  2405 | D:3      | Your ally Natasha died
  2683 | D:3      | Noticed Natasha
  2686 | D:3      | Killed Natasha
  2748 | D:3      | Reached ** piety under Kikubaaqudgha
  2873 | D:4      | Noticed Cherryjuice's ghost (novice SpAs)
  2886 | D:3      | Gained mutation: You sometimes gain a little power by taking damage. [demonic ancestry]
  2886 | D:3      | Reached XP level 7. HP: 41/48 MP: 2/10
  3344 | D:4      | Killed Cherryjuice's ghost
  3822 | D:4      | Found Jofo's General Store.
  3924 | D:5      | Entered Level 5 of the Dungeon
  4035 | D:5      | Reached XP level 8. HP: 54/54 MP: 11/11
  4286 | D:5      | Reached skill level 5 in Long Blades
  5262 | D:6      | Found a staircase to the Ecumenical Temple.
  5278 | Temple   | Entered the Ecumenical Temple
  5544 | D:6      | Reached *** piety under Kikubaaqudgha
  5544 | D:6      | Received a gift from Kikubaaqudgha
  5545 | D:6      | Identified Kikubaaqudgha's Handbook of Black Magic (Kikubaaqudgha gifted it to you on level 6 of the Dungeon)
  6037 | D:6      | Reached skill level 7 in Long Blades
  6088 | D:6      | Noticed Eustachio
  6110 | D:6      | Killed Eustachio
  6144 | D:6      | Found an opulent altar of Gozag.
  6381 | D:6      | Learned a level 3 spell: Vampiric Draining
  6410 | D:7      | Found Luwako Oteud's Gadget Emporium.
  6479 | D:7      | Found a shattered altar of Ashenzari.
  6600 | D:7      | Reached skill level 8 in Long Blades
  6600 | D:7      | Gained mutation: You sometimes gain power by taking damage. [demonic ancestry]
  6600 | D:7      | Reached XP level 9. HP: 41/59 MP: 10/12
  6704 | D:7      | Found a stormy altar of Qazlal.
  6997 | D:7      | Found a sacrificial altar of Ru.
  7167 | D:7      | Noticed Pikel
  7205 | D:7      | Killed Pikel
  7205 | D:7      | Reached skill level 9 in Long Blades
  7367 | D:8      | Found a flagged portal.
  7387 | Bailey   | Entered a bailey
  7438 | Bailey   | Reached **** piety under Kikubaaqudgha
  7681 | Bailey   | Slain by an orc warrior

Action                   |  1- 3 |  4- 6 |  7- 9 || total
-------------------------+-------+-------+-------++-------
Melee: Short sword       |    16 |       |       ||    16
       Whip              |    34 |   126 |   147 ||   307
       Long sword        |       |       |   171 ||   171
Throw: Stone             |     2 |     2 |    38 ||    42
       Tomahawk          |       |       |    14 ||    14
 Cast: Pain              |    42 |    67 |    80 ||   189
       Animate Skeleton  |     8 |    15 |    16 ||    39
       Regeneration      |       |       |     1 ||     1
       Vampiric Draining |       |       |     2 ||     2
Evoke: Wand              |       |       |    12 ||    12
  Use: Scroll            |       |     4 |     6 ||    10
       Potion            |       |       |     1 ||     1
 Stab: Sleeping          |     1 |       |     2 ||     3
  Eat: Chunk             |     2 |     6 |     9 ||    17
       Fruit             |       |       |     2 ||     2
       Bread ration      |       |       |     1 ||     1
       Pizza             |       |       |     1 ||     1
